 Dungeon Crawl Stone Soup version 0.21.1-1-g345015f (webtiles) character file.

88 Shenanicrawl the Chiller (level 4, 31/31 HPs)
             Began as a Merfolk Ice Elementalist on Feb 16, 2018.
             Quit the game on level 3 of the Dungeon.
             The game lasted 00:29:46 (3591 turns).

Shenanicrawl the Chiller (Merfolk Ice Elementalist) Turns: 3591, Time: 00:29:46

Health: 31/31      AC:  3    Str:  8    XL:     4   Next: 53%
Magic:  7/7        EV: 14    Int: 15    God:
Gold:   115        SH:  0    Dex: 14    Spells: 5/8 levels left

rFire    x . .     SeeInvis .   g - +0 short sword
rCold    + . .     Gourm    .   (no shield)
rNeg     . . .     Faith    .   a - +0 robe
rPois    .         Spirit   .   h - +0 helmet
rElec    .         Reflect  .   (no cloak)
rCorr    .         Harm     .   (no gloves)
MR       +....                  (no boots)
Stlth    ++........             k - amulet of magic regeneration
HPRegen  0.10/turn              m - ring of ice
MPRegen  0.35/turn              t - ring of protection from magic

@: no status effects
A: change form in water, swift swim, stealthy swim
a: no special abilities


You were on level 3 of the Dungeon.
You were not hungry.

You visited 1 branch of the dungeon, and saw 3 of its levels.

You collected 115 gold pieces.

Inventory:

Hand Weapons
 g - a +0 short sword (weapon)
 j - a +0 dagger
Armour
 a - a +0 robe (worn)
 h - a +0 helmet (worn)
 v - a scarf of cloud immunity
Jewellery
 k - an amulet of magic regeneration (around neck)
 m - a ring of ice (left hand)
 t - a ring of protection from magic (right hand)
Scrolls
 d - 3 scrolls of identify
 e - 2 scrolls of enchant weapon {unknown}
 f - 2 scrolls of remove curse {unknown}
 i - a scroll of enchant armour {unknown}
 n - 2 scrolls of fear {unknown}
 p - a scroll of amnesia {unknown}
Potions
 l - a potion of might {unknown}
 o - 2 potions of heal wounds
 q - 2 potions of curing {unknown}
 r - a potion of haste {unknown}
 s - 2 potions of resistance {unknown}
 u - a potion of invisibility {unknown}
Books
 b - a book of Frost

   Spells                             Type                      Level
   a - Freeze                         Ice                          1
   b - Throw Frost                    Conjuration/Ice              2
   c - Ozocubu's Armour               Charms/Ice                   3
   d - Throw Icicle                   Conjuration/Ice              4
   e - Summon Ice Beast               Ice/Summoning                4
Comestibles
 c - 6 rations


   Skills:
 - Level 0.6 Fighting
 - Level 1.0 Short Blades
 + Level 3.7 Dodging
 + Level 2.9 Stealth
 - Level 0.2 Unarmed Combat
 + Level 2.6 Spellcasting
 - Level 0.8 Conjurations
 + Level 4.0 Ice Magic


You had 5 spell levels left.
You knew the following spells:

 Your Spells              Type           Power        Failure   Level  Hunger
a - Freeze                Ice            ###.         4%          1    #......
b - Throw Frost           Conj/Ice       ##....       12%         2    ###....


Dungeon Overview and Level Annotations

Branches:
Dungeon (3/15)

Altars:

Annotations:
D:3 jazmu's ghost, amateur FoFi


Message History

a club; a kobold corpse You see here a jackal corpse.
You open the door.
Found a stone staircase leading down.
Level annotation: jazmu's ghost, amateur FoFi Welcome back, Shenanicrawl the Merfolk Ice Elementalist.
Press ? for a list of commands and other information.
There is an open door here.
o - 2 potions of heal wounds (gained 1)
Found a scroll labeled UNEUMA ROGHERAGHA.
Okay, then.
Okay, then.
Quiver which item? (- for none, * to show all) (? for menu, Esc to quit)
Okay, then.
Okay, then.
Wear which item? (? for menu, Esc to quit)
Okay, then. (m)acro, (M)acro raw, keymap [(k) default, (x) level-map, (t)argeting, (c)onfirm, m(e)nu], (s)ave?
Aborting.
Are you sure you want to abandon this character and quit the game? (Confirm with "yes".)

####### ######### .?.....
........# #.... ######## #.#
.##....###......# #)#
.......@......>.# #.#
.###....##......# #.#
#....######'## #.# #....# #.#
#.# #....# #.# #)# #....# #.#
#)# #....######.# #)#
............#####†#
################..............#


There were no monsters in sight!

Vanquished Creatures
  2 adders (D:2)
  4 dart slugs
  2 leopard geckos
  2 orcs (D:3)
  5 giant cockroaches
  10 goblins
  3 hobgoblins
  2 jackals (D:3)
  11 kobolds
  5 bats
  2 frilled lizards (D:1)
  7 rats
55 creatures vanquished.

Notes
Turn   | Place    | Note
-------+----------+-------------------------------------------
     0 | D:1      | Shenanicrawl the Merfolk Ice Elementalist began the quest for the Orb.
     0 | D:1      | Reached XP level 1. HP: 13/13 MP: 3/3
   257 | D:1      | Reached XP level 2. HP: 19/19 MP: 5/5
   577 | D:1      | Learned a level 2 spell: Throw Frost
   879 | D:1      | Reached XP level 3. HP: 24/24 MP: 3/6
  2352 | D:2      | Reached skill level 4 in Ice Magic
  2352 | D:2      | Reached XP level 4. HP: 25/30 MP: 4/7
  3054 | D:3      | Noticed jazmu's ghost (amateur FoFi)
  3560 | D:3      | Reached skill level 1 in Short Blades
  3591 | D:3      | Quit the game

Skill      XL: |  1  2  3  4 |
---------------+-------------+-----
Dodging        | 3 |  3.7
Ice Magic      | 4 |  4.0
Short Blades   | 1 |  1.0
Fighting       | |  0.6
Stealth        | |  2.9
Unarmed Combat | |  0.2
Spellcasting   | |  2.6
Conjurations   | |  0.8

Action                   |  1- 3 |  4- 6 || total
-------------------------+-------+-------++-------
Melee: Unarmed           |    16 |       ||    16
       Short sword       |   113 |    42 ||   155
 Cast: Freeze            |    14 |     4 ||    18
       Throw Frost       |     5 |    15 ||    20
  Use: Potion            |     2 |       ||     2
       Scroll            |       |     3 ||     3
 Stab: Sleeping          |     4 |       ||     4
  Eat: Ration            |     2 |     1 ||     3
Armor: Robe              |    35 |     3 ||    38
Dodge: Dodged            |   122 |    37 ||   159
